cohdb
Replays
Latest Replays
All Replays
Popular Replays
Top Player Replays
Match Explorer
How It Works
Community
CoH3 Stats
Reddit
Sign in to upload your games and track your stats! →
Sign in with Steam
Match 40571465
Unlisted
Match 40571465
Overview
Messages
Build Orders
End
Royal Engineer Section
Construct Section Command Post
Infantry Section
Selects Canadian Shock Battlegroup
Infantry Section
Infantry Section
Construct Field Infirmary
ML 3-inch Mortar Team
Construct Platoon Command Post
Humber Armored Car
Selects Attacking Spirit
Selects Canadian Shock Section
Royal Engineer Section
Selects Incendiary Munitions
Canadian Shock Section
Selects Pyrotechnics
Grenade Package
Construct Company Command Post
Crusader II Medium Tank
Infantry Training
Bootyquake
즈타
0
0
Comments
sign in to comment!
No comments posted yet!